 Dungeon Crawl Stone Soup version 0.24-a0-520-g8fd06ad0bc (webtiles) character file.

Game seed: 18104941357918732273

1026 Mithandil the Magician (level 8, -2/41 HPs)
             Began as a Deep Elf Conjurer on July 26, 2019.
             Slain by an orc
             ... wielding a +0 trident
              (6 damage)
             ... on level 5 of the Dungeon.
             The game lasted 00:33:08 (5002 turns).

Mithandil the Magician (Deep Elf Conjurer)          Turns: 5002, Time: 00:33:11

Health: -2/41      AC:  6    Str:  7    XL:     8   Next: 2%
Magic:  3/19       EV: 12    Int: 21    God:
Gold:   247        SH:  0    Dex: 15    Spells: 9/20 levels left

rFire    . . .     SeeInvis +   a - +2 dagger (venom)
rCold    . . .     Gourm    .   (no shield)
rNeg     . . .     Faith    .   d - +0 leather armour
rPois    .         Spirit   .   s - +1 helmet {SInv}
rElec    .         Reflect  .   F - +0 cloak
rCorr    .         Harm     .   (no gloves)
MR       .....                  (no boots)
Stlth    ++........             (no amulet)
HPRegen  0.13/turn              i - ring of see invisible
MPRegen  0.16/turn              (no ring)

@: heavily drained
A: no striking features
a: no special abilities


You were on level 5 of the Dungeon.
You were hungry.

You visited 1 branch of the dungeon, and saw 6 of its levels.
You also visited: Sewer.

You collected 247 gold pieces.

Inventory:

Hand Weapons
 a - a +2 dagger of venom (weapon)
 b - a +0 shortbow
 w - a +0 short sword
Missiles
 f - 24 poisoned darts
 h - 6 silver boomerangs
 o - 7 boomerangs (quivered)
 x - 38 arrows
Armour
 d - a +0 leather armour (worn)
 s - a +1 helmet of see invisible (worn)
 F - a +0 cloak (worn)
Jewellery
 i - a ring of see invisible (left hand)
Scrolls
 j - a scroll of immolation {unknown}
 k - 2 scrolls of magic mapping
 m - 3 scrolls of remove curse {unknown}
 p - 3 scrolls of identify
 q - a scroll of teleportation {unknown}
 v - a scroll of fear {unknown}
 y - a scroll of blinking {unknown}
 A - a scroll of random uselessness {unknown}
 B - a scroll of fog
 C - 2 scrolls of amnesia {unknown}
Potions
 e - 4 potions of curing {unknown}
 g - 5 potions of brilliance {unknown}
 l - a potion of haste {unknown}
 n - a potion of mutation {unknown}
 r - 4 potions of heal wounds {unknown}
 t - a potion of ambrosia {unknown}
 u - a potion of invisibility {unknown}
 z - 3 potions of flight {unknown}
 D - 2 potions of lignification {unknown}
Comestibles
 c - 9 rations
 E - a chunk of flesh


   Skills:
 * Level 3.8(2.4) Short Blades
 + Level 4.5(3.1) Dodging
 + Level 4.7(3.3) Stealth
 * Level 6.6(5.1) Spellcasting
 * Level 6.6(5.1) Conjurations
 + Level 2.6(1.3) Translocations


You had 9 spell levels left.
You knew the following spells:

 Your Spells              Type           Power        Failure   Level  Hunger
a - Magic Dart            Conj           ####         1%          1    None
b - Searing Ray           Conj           ####..       3%          2    None
c - Force Lance           Conj/Tloc      ###.....     38%         4    ####...
d - Iskenderun's Mystic   Conj           ####....     19%         4    ####...

Your spell library contained the following spells:

 Spells                   Type           Power        Failure   Level  Hunger
 Dazzling Spray           Conj/Hex       ###...       17%         3    ##.....
 Fulminant Prism          Conj/Hex       ###.......   50%         4    ####...


Dungeon Overview and Level Annotations

Branches:
Dungeon (6/15)
 Temple: D:4-7

Altars:
Cheibriados
Makhleb
Ru
The Shining One

Annotations:
D:2 Sigmund
D:4 Eustachio, Robin


Message History

You hit the orc wizard but do no damage.
The orc wizard looks as sick as possible!
The orc wizard is moderately wounded.
The orc hits you but does no damage.
The orc wizard hits you but does no damage.
The orc barely misses you.
The orc hits you from afar with a +0 trident.
* * * LOW HITPOINT WARNING * * *
You hit the orc wizard.
The orc wizard looks as sick as possible!
The orc wizard is severely wounded.
The orc wizard hits you but does no damage.
The orc barely misses you.
You hit the orc wizard but do no damage.
The orc wizard looks as sick as possible!
The orc wizard is almost dead.
You kill the orc wizard!
The orc barely misses you.
The orc hits you from afar with a +0 trident.
You die...

#..###.#.###.###.#
#.#
#..###......[....#
#.#
#.........##.###.#
#.# #.######..##.#
#.# ##.# #.#
#..##.###.# ≈##.#
#.# #.........♣
≈≈♣ ..#
#.####.##.♣≈≈≈≈
### #.# #)...≈≈≈P♣
..# #@o..≈≈≈≈≈ ###
#♣o..PP≈≈≈≈
#≈)o...P≈≈≈≈
♣≈≈≈.o.≈≈≈≈≈
♣≈≈)...P≈≈≈≈
♣≈≈≈)..PP≈≈
♣≈≈P...≈≈≈≈
♣≈≈≈...≈P≈≈
♣≈≈≈...≈≈≈≈


You could see an orc wizard and 3 orcs.

Vanquished Creatures
  A sky beast (D:5)
  2 phantoms (D:4)
  2 centaurs (D:5)
  2 big kobolds (Sewer)
  A howler monkey (D:4)
  A centaur zombie (D:5)
  A hound (D:3)
  An orc priest (D:5)
  3 orc wizards
  A hound skeleton (D:5)
  A worker ant zombie (D:3)
  10 adders
  2 oozes
  2 worms
  A dart slug (D:1)
  3 leopard geckos
  14 orcs
  5 bats
  5 giant cockroaches
  16 goblins
  16 hobgoblins
  3 jackals (D:3)
  A quokka (D:5)
  6 ball pythons
  4 frilled lizards
  9 kobolds
  6 rats
119 creatures vanquished.

Notes
Turn   | Place    | Note
-------+----------+-------------------------------------------
     0 | D:1      | Mithandil the Deep Elf Conjurer began the quest for the
                  | Orb.
     0 | D:1      | Reached XP level 1. HP: 10/10 MP: 6/6
   237 | D:1      | Reached XP level 2. HP: 15/15 MP: 6/8
   241 | D:1      | Learned a level 2 spell: Searing Ray
   613 | D:2      | Reached XP level 3. HP: 19/19 MP: 3/10
   768 | D:2      | Noticed Sigmund
  1002 | D:2      | Reached skill level 5 in Conjurations
  1094 | D:2      | Reached XP level 4. HP: 24/24 MP: 9/12
  1100 | D:2      | Learned a level 4 spell: Force Lance
  1105 | D:2      | Learned a level 4 spell: Iskenderun's Mystic Blast
  1701 | D:3      | Reached skill level 1 in Short Blades
  1770 | D:3      | Reached XP level 5. HP: 14/28 MP: 0/13
  1939 | D:3      | Found a glowing golden altar of the Shining One.
  1973 | D:4      | Noticed a phantom
  2090 | D:3      | You fall into a shaft and drop 2 floors!
  2090 | D:5      | Entered Level 5 of the Dungeon
  2091 | D:5      | Noticed a centaur
  2094 | D:5      | Killed a centaur
  2094 | D:5      | Reached skill level 1 in Translocations
  2121 | D:4      | Reached skill level 5 in Spellcasting
  2121 | D:4      | Reached XP level 6. HP: 27/32 MP: 8/15
  2128 | D:4      | Noticed Eustachio
  2188 | D:4      | Found a glowing drain.
  2193 | Sewer    | Entered a sewer
  3053 | D:4      | Reached XP level 7. HP: 30/36 MP: 8/17
  3414 | D:3      | Found a sacrificial altar of Ru.
  3468 | D:4      | Noticed Robin
  4005 | D:3      | Found a burning altar of Makhleb.
  4380 | D:5      | Found a snail-covered altar of Cheibriados.
  4994 | D:5      | Reached XP level 8. HP: 17/41 MP: 3/19
  5002 | D:5      | Slain by an orc

Levels and vault maps discovered:
D:1:      scummos_arrival_forest, layout_rooms
D:2:      layout_loops_cross, guppyfry_early_orc_mine, uniq_sigmund
D:3:      layout_basic, makhleb_blood_cavern_becter,
          nicolae_ru_the_path_less_chosen, tso_altar, first_ration,
          guppyfry_early_lair_pool
D:4:      layout_basic, gup_sewer_entry_bowl, uniq_robin, uniq_eustachio
D:5:      layout_loops_ring, lemuel_doored_altar, serial_bayou,
          serial_bayou_ford_a, serial_bayou_pond_a, serial_bayou_pond_e,
          serial_bayou_pond_a, vehumet_altar_wand_db
D:6:      layout_gridville, kennysheep_mini_moat

Skill      XL: |  1  2  3  4  5  6  7 |
---------------+----------------------+-----
Stealth        | 3 4 |  4.7
Dodging        | 3 4 |  4.5
Spellcasting   | 4 5 6 |  6.6
Conjurations   | 5 6 |  6.6
Short Blades   | 1 2 3 |  3.8
Translocations | 1 2 |  2.6

Action                   |  1- 3 |  4- 6 |  7- 9 || total
-------------------------+-------+-------+-------++-------
Melee: Dagger            |       |    15 |    44 ||    59
 Cast: Magic Dart        |    61 |   110 |    44 ||   215
       Searing Ray       |       |     9 |     8 ||    17
       Iskenderun's Myst |       |       |     3 ||     3
  Use: Scroll            |     2 |     3 |     2 ||     7
 Stab: Distracted        |       |       |     1 ||     1
  Eat: Chunk             |       |     6 |     3 ||     9
       Ration            |       |       |     1 ||     1
Armor: Leather armour    |     2 |    32 |    28 ||    62
Dodge: Dodged            |     7 |    81 |    62 ||   150

Table legend:
 A = Non-vault XP
 B = Vault XP
 C = Vault XP percentage of total XP
 D = Non-vault monster count
 E = Vault monster count
 F = Vault count percentage of total count
                 A         B        C        D         E       F
            +---------+---------+-------+---------+---------+-------
      Total |    1147 |     320 |  21.8 |      84 |      35 |  29.4
            +---------+---------+-------+---------+---------+-------
        D:1 |      27 |       0 |   0.0 |      15 |       0 |   0.0
        D:2 |      89 |      17 |  16.0 |      28 |       7 |  20.0
        D:3 |     150 |      64 |  29.9 |      21 |      13 |  38.2
        D:4 |     330 |       7 |   2.1 |       5 |       3 |  37.5
        D:5 |     548 |       0 |   0.0 |      14 |       0 |   0.0
        D:6 |       3 |       0 |   0.0 |       1 |       0 |   0.0
      Sewer |       0 |     232 | 100.0 |       0 |      12 | 100.0
            +---------+---------+-------+---------+---------+-------
